 Dungeon Crawl Stone Soup version 0.28-a0-1087-gf3fc490d9d (webtiles) character file.

Game seed: 1817834192788951864

3028 siradein the Skirmisher (level 10, -2/77 HPs)
             Began as a Human Fighter on Dec 10, 2021.
             Was an Initiate of Yredelemnul.
             Slain by a vampire mosquito (5 damage)
             ... on level 7 of the Dungeon.
             The game lasted 00:15:11 (8099 turns).

siradein the Skirmisher (Human Fighter)             Turns: 8099, Time: 00:15:12

Health: -2/77      AC: 19    Str: 18    XL:     10   Next: 10%
Magic:  0/12       EV:  9    Int:  8    God:    Yredelemnul [......]
Gold:   326        SH:  6    Dex: 16    Spells: 9/9 levels left

rFire   + . .      SeeInvis .   b - +3 scimitar
rCold   + . .      Faith    .   c - +0 buckler
rNeg    . . .      Spirit   +   F - +7 chain mail of Seoc {rPois rF+}
rPois   +          Reflect  .   t - +0 helmet
rElec   .          Harm     .   (no cloak)
rCorr   .          Rampage  .   (no gloves)
Will    .....                   y - +0 pair of boots
Stlth   ..........              o - amulet of guardian spirit
HPRegen 0.22/turn               j - +4 ring of slaying
MPRegen 0.13/turn               p - ring of protection from cold

@: no status effects
A: no striking features
a: Renounce Religion, Recall Undead Harvest


You were on level 7 of the Dungeon.
You worshipped Yredelemnul.
Yredelemnul was noncommittal.
You visited 2 branches of the dungeon, and saw 8 of its levels.
You also visited: Ossuary.

You collected 348 gold pieces.
You spent 22 gold pieces at shops.

Inventory:

Hand Weapons
 b - a +3 scimitar (weapon)
Missiles
 m - 2 datura-tipped darts
 G - an atropa-tipped dart
 H - 15 poisoned darts (quivered)
Armour
 c - a +0 buckler (worn)
 t - a +0 helmet (worn)
 x - the +2 robe of Hesogari {rPois Regen+}
   (You took it off a kobold on level 4 of the Dungeon)

   rPois:     It protects you from poison.
   Regen:     It increases your rate of health regeneration.
 y - a +0 pair of boots (worn)
 F - the +7 chain mail of Seoc (worn) {rPois rF+}
   (You found it on level 5 of the Dungeon)

   rF:        It protects you from fire.
   rPois:     It protects you from poison.
Jewellery
 j - a +4 ring of slaying (left hand)
 l - a ring of ice
 o - an amulet of guardian spirit (around neck)
 p - a ring of protection from cold (right hand)
 v - a ring of willpower
 C - a ring of flight
 N - a ring of ice
Wands
 u - a wand of acid (4)
Scrolls
 f - a scroll of holy word {unknown}
 i - 4 scrolls of teleportation
 k - a scroll of brand weapon
 n - a scroll of enchant weapon
 r - a scroll of fear {unknown}
 s - a scroll of amnesia
 w - 3 scrolls of fog
 A - a scroll of blinking {unknown}
 B - 4 scrolls of immolation
 E - a scroll of noise {unknown}
 J - a scroll of identify
 K - 3 scrolls of acquirement {unknown}
 M - a scroll of magic mapping {unknown}
 O - a scroll of torment {unknown}
Potions
 a - 2 potions of flight {unknown}
 d - 2 potions of might
 e - 3 potions of brilliance
 g - 2 potions of invisibility {unknown}
 h - 4 potions of curing
 q - a potion of degeneration {unknown}
 z - 3 potions of attraction {unknown}
 D - 2 potions of haste {unknown}
 I - a potion of lignification {unknown}
 L - 2 potions of magic {unknown}


   Skills:
 + Level 6.3 Fighting
 + Level 5.9 Long Blades
 + Level 6.3 Armour
 + Level 5.1 Dodging
 + Level 6.2 Shields
 + Level 3.7 Invocations
 + Level 3.3 Evocations


You had 9 spell levels left.
You didn't know any spells.
Your spell library contained the following spells:

 Spells                   Type           Power      Damage    Failure   Level
 Foxfire                  Conj/Fire      0%         2x1d4     99%         1
 Static Discharge         Conj/Air       0%         N/A       100%        2
 Conjure Flame            Conj/Fire      0%         6-21      100%        3
 Dazzling Flash           Conj/Hex       0%         N/A       100%        3
 Ignite Poison            Fire/Tmut/Pois 0%         N/A       100%        3
 Inner Flame              Hex/Fire       0%         N/A       100%        3
 Mephitic Cloud           Conj/Pois/Air  0%         N/A       100%        3
 Tukima's Dance           Hex            0%         N/A       100%        3
 Dispel Undead            Necr           0%         3d6       100%        4
 Flame Wave               Conj/Fire      0%         2d4       100%        4
 Passage of Golubria      Tloc           0%         N/A       100%        4
 Sticky Flame             Conj/Fire      0%         2d3       100%        4
 Agony                    Necr           0%         N/A       100%        5
 Freezing Cloud           Conj/Ice/Air   0%         6-21      100%        5
 Silence                  Hex/Air        0%         N/A       100%        5
 Yara's Violent Unravell  Hex/Tmut       0%         3d3       100%        5


Dungeon Overview and Level Annotations

Branches:
Dungeon (7/15)             Temple (1/1) D:5         Ossuary (visited)

Altars:
Ashenzari
Cheibriados
Dithmenos
Elyvilon
Fedhas
Gozag
Hepliaklqana
Kikubaaqudgha
Makhleb
Nemelex Xobeh
Okawaru
Qazlal
Ru
Sif Muna
Trog
Uskayaw
Vehumet
Wu Jian
Yredelemnul
Zin
The Shining One
Beogh

Shops:
D:5 (?   D:6 *


Message History

The vampire mosquito draws strength from your injuries!
The vampire mosquito bites you but does no damage.
The vampire mosquito bites you but does no damage. x2
The vampire mosquito closely misses you.
The vampire mosquito bites you.
* * * LOW HITPOINT WARNING * * *
The vampire mosquito draws strength from your injuries!
The vampire mosquito bites you but does no damage. x3
The vampire mosquito bites you but does no damage.
The vampire mosquito closely misses you.
The vampire mosquito bites you but does no damage.
The vampire mosquito bites you.
* * * LOW HITPOINT WARNING * * *
The vampire mosquito draws strength from your injuries!
The vampire mosquito closely misses you.
The vampire mosquito bites you but does no damage.
You block the vampire mosquito's attack.
The vampire mosquito bites you.
* * * LOW HITPOINT WARNING * * *
The vampire mosquito draws strength from your injuries!
The vampire mosquito bites you but does no damage.
The vampire mosquito bites you but does no damage.
The vampire mosquito closely misses you.
The vampire mosquito bites you but does no damage.
The vampire mosquito barely misses you.
The vampire mosquito bites you but does no damage.
There is an open door here.
You block the vampire mosquito's attack.
You block the vampire mosquito's attack.
The vampire mosquito bites you but does no damage.
The vampire mosquito bites you but does no damage.
The vampire mosquito bites you.
The vampire mosquito draws strength from your injuries!
The vampire mosquito completely misses you.
The vampire mosquito bites you!
* * * LOW HITPOINT WARNING * * *
The vampire mosquito draws strength from your injuries!
The vampire mosquito bites you.
You die...
Your body rises from the dead as a mindless zombie.

.............##.......#
#.......#.....'.......#
#.......#.....#.......#
#.......#.....#.......#
#.......#######..#######
.########..####..#.....#
.#.....#....#....#.....#
.'.....#....#..yy#.....#
.#.....#....#..y@#.....#
.#.....#....#....'.....#
.#.....#....#....#.....#
.#.##.##...#######....)#
##.##.##...##.....###'##
............#.....#.<.#
............#.....#...#
............#.....#...#
..###...#####.....#...#


You could see 3 vampire mosquitoes.

Vanquished Creatures
  2 steam dragons
  A vampire mosquito (D:7)
  A water moccasin (D:6)
  3 orc warriors (D:6)
  An ice beast (D:6)
  A sky beast (D:5)
  2 black bears (D:6)
  A phantom (D:4)
  3 scorpions
  2 bullfrogs
  2 water moccasin zombies
  A water moccasin skeleton (D:4)
  The ghost of Wurdyburd the Skirmisher, a weakling DrBe of Trog (D:4)
  11 wights
  A jelly (D:6)
  2 bullfrog skeletons
  An orc priest (D:6)
  4 hounds
  5 iguanas
  3 orc wizards (D:6)
  A mummy (Ossuary)
  Robin (D:4)
  2 howler monkey skeletons
  6 adders
  7 gnolls
  2 white imps (D:7)
  A worm (D:2)
  17 orcs
  A spectral bat (Ossuary)
  9 ball pythons
  7 endoplasms
  5 giant cockroaches
  13 goblins
  5 hobgoblins
  4 jackals (D:5)
  2 quokkas
  3 bats
  5 bat simulacra (Ossuary)
  3 frilled lizards
  12 gnoll zombies (Ossuary)
  3 goblin simulacra (Ossuary)
  A goblin zombie (Ossuary)
  4 hobgoblin zombies (Ossuary)
  6 kobolds
  2 kobold simulacra (Ossuary)
  7 kobold zombies (Ossuary)
  6 orc zombies (Ossuary)
  2 rats
  A rat simulacrum (Ossuary)
  2 spectral goblins (Ossuary)
  4 spectral kobolds (Ossuary)
  3 spectral rats (Ossuary)
195 creatures vanquished.

Vanquished Creatures (collateral kills)
  A centaur (D:6)
  A howler monkey skeleton (D:6)
  3 orcs (D:6)
  A bush (D:6)
6 creatures vanquished.

Vanquished Creatures (others)
  A water moccasin zombie (D:6)
  A spectral ice beast (D:6)
  A bullfrog zombie (D:7)
  A black bear zombie (D:6)
  A steam dragon zombie (D:6)
  2 iguana zombies (D:6)
  An adder zombie (D:6)
  2 spectral white imps (D:7)
  A gnoll zombie (D:6)
  11 orc zombies (D:6)
22 creatures vanquished.

Grand Total: 223 creatures vanquished

Notes
Turn   | Place    | Note
-------+----------+-------------------------------------------
     0 | D:1      | siradein the Human Fighter began the quest for the Orb.
     0 | D:1      | Reached XP level 1. HP: 18/18 MP: 1/1
   151 | D:1      | Reached XP level 2. HP: 24/24 MP: 2/2
   893 | D:2      | Reached XP level 3. HP: 26/29 MP: 3/3
  1358 | D:2      | Found a faded altar of an unknown god.
  1557 | D:3      | Reached XP level 4. HP: 35/35 MP: 4/4
  1643 | D:3      | Reached skill level 1 in Dodging
  2045 | D:4      | Noticed a phantom
  2135 | D:4      | Reached XP level 5. HP: 41/41 MP: 5/5
  2236 | D:4      | Reached XP level 6. HP: 40/48 MP: 2/6
  2564 | D:4      | Noticed Robin
  2616 | D:4      | Killed Robin
  2722 | D:4      | Noticed a steam dragon
  2782 | D:4      | Identified the +2 robe of Hesogari {rPois Regen+}
  2816 | D:4      | Reached XP level 7. HP: 54/54 MP: 7/7
  2833 | D:4      | Killed a steam dragon
  3166 | D:4      | Found a runed translucent door.
  3167 | D:4      | Noticed Wurdyburd's ghost (weakling DrBe)
  3413 | D:4      | Killed Wurdyburd's ghost
  3465 | D:5      | Entered Level 5 of the Dungeon
  3477 | D:5      | Reached XP level 8. HP: 60/61 MP: 8/8
  3512 | D:5      | Found a staircase to the Ecumenical Temple.
  3525 | Temple   | Entered the Ecumenical Temple
  3784 | Temple   | Became a worshipper of Yredelemnul the Dark
  4088 | D:5      | Found an opulent altar of Gozag.
  4420 | D:5      | Identified the +7 chain mail of Seoc {rPois rF+}
  4540 | D:5      | Found Issu's Firing Range.
  4677 | D:5      | Reached skill level 5 in Fighting
  4677 | D:5      | Reached skill level 5 in Armour
  4677 | D:5      | Reached skill level 5 in Shields
  4812 | D:5      | Found Jiuremed's Magic Scroll Shoppe.
  4820 | D:5      | Bought a scroll of identify for 22 gold pieces
  5071 | D:6      | Reached skill level 1 in Invocations
  5144 | D:6      | Reached * piety under Yredelemnul
  5145 | D:6      | Reached skill level 1 in Evocations
  5182 | D:6      | Reached XP level 9. HP: 62/68 MP: 8/10
  5191 | D:6      | Reached skill level 5 in Long Blades
  5282 | D:6      | Found a runed translucent door.
  5380 | D:6      | Found Uqureaxt's General Store.
  6488 | D:6      | Reached ** piety under Yredelemnul
  7066 | D:7      | Found a sand-covered staircase.
  7072 | Ossuary  | Entered an ossuary
  7701 | D:6      | Reached skill level 5 in Dodging
  7938 | D:6      | Reached XP level 10. HP: 63/72 MP: 10/12
  8099 | D:7      | HP: 3/77 [vampire mosquito (8)]
  8099 | D:7      | Slain by a vampire mosquito

Illustrated notes

Levels and vault maps discovered:
D:1:      grunt_arrival_lava_bath, layout_basic
D:2:      layout_rooms, nicolae_ecumenical_lake_church
D:3:      layout_basic
D:4:      layout_basic, ebering_ghost_inner_flame, grunt_ministairs_7,
          chequers_serial_rivers_room_a, uniq_robin
D:5:      layout_basic, general_overflow_altar, minmay_temple_entry_slanted,
          serial_rivers, chequers_serial_rivers_micro_a,
          chequers_serial_rivers_large_b, chequers_serial_rivers_micro_a,
          chequers_serial_rivers_micro_e, chequers_serial_rivers_small_3,
          chequers_serial_rivers_micro_a, serial_shops, shop,
          nicolae_shop_firing_range
D:6:      layout_loops_ring, serial_shops, nicolae_square_shop,
          kb_lookout_dungeons_type, lightli_church_of_beogh
D:7:      layout_gridville, nicolae_ossuary_entry_plus
Temple:   mainiacjoe_temple_big_plus

Skill      XL: |  1  2  3  4  5  6  7  8  9 |
---------------+----------------------------+-----
Dodging        | 1 2 3 4 5 |  5.1
Long Blades    | 3 4 5 |  5.9
Fighting       | 4 5 6 |  6.3
Armour         | 4 5 6 |  6.3
Shields        | 4 5 6 |  6.2
Invocations    | 1 3 |  3.7
Evocations     | 1 3 |  3.3

Action                   |  1- 3 |  4- 6 |  7- 9 | 10-12 || total
-------------------------+-------+-------+-------+-------++-------
Melee: Long sword        |    85 |    94 |   120 |       ||   299
       Scimitar          |       |       |   263 |    20 ||   283
Invok: Recall Undead Har |       |       |     3 |       ||     3
  Use: Scroll            |       |       |     8 |       ||     8
 Stab: Sleeping          |       |       |     1 |       ||     1
Armor: Scale mail        |    35 |    12 |       |       ||    47
       Chain mail        |       |    39 |   184 |    37 ||   260
       Robe              |       |       |    17 |       ||    17
Dodge: Dodged            |    37 |    38 |   174 |    31 ||   280
Block: Buckler           |    17 |    25 |    90 |    20 ||   152

Table legend: (Time is in decaauts)
 A = Elapsed time spent in this place.
 B = Non-inter-level travel time spent in this place.
 C = Inter-level travel time spent in this place.
 D = Time resting spent in this place.
 E = Time spent auto-exploring this place.
 F = Levels seen in this place.
 G = Mean time per level.
                   A        B        C        D        E       F      G
               +--------+--------+--------+--------+--------+-----+--------+
         Total |   8245 |   8044 |    201 |    899 |   5461 |   9 |  916.1 |
       Dungeon |   7479 |   7278 |    201 |    899 |   4904 |   7 | 1068.4 |
        Temple |    431 |    431 |      0 |      0 |    372 |   1 |  431.0 |
       Ossuary |    334 |    334 |      0 |      0 |    185 |   1 |  334.0 |
               +--------+--------+--------+--------+--------+-----+--------+

Top non-repeatable levels by time:
     D:5: 1823 daAuts
     D:6: 1618 daAuts
     D:4: 1406 daAuts
     D:1: 899 daAuts
     D:2: 677 daAuts
     D:3: 537 daAuts
     D:7: 515 daAuts
  Temple: 431 daAuts
 Ossuary: 334 daAuts
